 Dungeon Crawl Stone Soup version 0.16.0-11-gd45b091 (webtiles) character file.

4405 maniek23 the Sneak (level 10, -3/73 HPs)
             Began as a Vampire Skald on Mar 17, 2015.
             Was a Believer of Kikubaaqudgha.
             Slain by a blink frog (10 damage)
             ... on level 1 of the Lair of Beasts.
             The game lasted 01:42:48 (8788 turns).

maniek23 the Sneak (Vampire Skald)                  Turns: 8788, Time: 01:42:49

Health: -3/73      AC:  6    Str: 12    XL:     10   Next: 14%
Magic:  22/22      EV: 16    Int: 15    God:    Kikubaaqudgha [**....]
Gold:   153        SH:  0    Dex: 17    Spells: 6 memorised, 8 levels left

rFire  . . .     SeeInvis +     a - +5 short sword (venom)
rCold  + + .     Clarity  .     e - +1 leather armour {rC+}
rNeg   + + .     SustAb   .     (no shield)
rPois  +         Gourm    .     N - +1 hat
rElec  .         Spirit   .     (no cloak)
rCorr  .         Warding  .     (no gloves)
rMut   .         Stasis   .     n - +0 pair of boots
MR     +....                    (no amulet)
Stlth  ++++......               F - ring "Streticer" {Dex+3 Stlth-}
                                m - ring of stealth

@: about to teleport, regenerating slowly, somewhat resistant to hostile
enchantments, stealthy
A: bottle blood, fangs 3, see invisible, unbreathing
a: Bat Form, Receive Corpses, Renounce Religion


You were on level 1 of the Lair of Beasts.
You worshipped Kikubaaqudgha.
Kikubaaqudgha was pleased with you.
You were thirsty.

You visited 3 branches of the dungeon, and saw 10 of its levels.
You also visited: Ossuary.

You collected 477 gold pieces.
You spent 324 gold pieces at shops.

Inventory:

Hand weapons
 a - a +5 short sword of venom (weapon)
 u - a cursed -3 short sword
Missiles
 i - 6 needles of frenzy
 p - 6 needles of confusion
 E - a throwing net
 P - 10 poisoned needles
 Y - 3 javelins (quivered)
Armour
 e - a +1 leather armour of cold resistance (worn)
 n - a +0 pair of boots (worn)
 D - a +2 robe
 N - a +1 hat (worn)
 S - a +0 crystal plate armour
Jewellery
 m - a ring of stealth (left hand)
 F - the ring "Streticer" (right hand) {Dex+3 Stlth-}
   (You found it on level 7 of the Dungeon)

   [ring of loudness]

   It affects your dexterity (+3).
   It makes you less stealthy.
 G - an uncursed amulet of stasis
Magical devices
 b - a wand of fire (6)
 l - a wand of fireball (7)
 y - a wand of cold (11)
 C - a wand of frost (24)
 H - a wand of polymorph (2)
 J - a wand of draining (3)
 U - a wand of frost (15)
 Z - a wand of enslavement (2)
Scrolls
 f - 2 scrolls of remove curse
 q - a scroll of amnesia {unknown}
 t - 2 scrolls of summoning {unknown}
 B - a scroll of blinking {unknown}
 I - 2 scrolls of fog
 L - a scroll of enchant armour {unknown}
 O - 2 scrolls of teleportation
 T - 2 scrolls of fear
 W - a scroll of torment {unknown}
Potions
 d - 4 potions of blood
 g - a potion of brilliance {unknown}
 h - 3 potions of ambrosia
 k - a potion of lignification {unknown}
 o - 2 potions of haste
 w - a potion of magic {unknown}
 x - 3 potions of curing {unknown}
 A - 5 potions of heal wounds
 K - a potion of resistance {unknown}
 M - 2 potions of cancellation
 Q - a potion of berserk rage {unknown}
 R - 2 potions of agility {unknown}
 V - 3 potions of might {unknown}
 X - a potion of poison {unknown}
Books
 c - a book of Battle

   Spells                             Type                      Level
   a - Infusion                       Charms                       1
   b - Shroud of Golubria             Charms/Translocation         2
   c - Song of Slaying                Charms                       2
   d - Spectral Weapon                Hexes/Charms                 3
   e - Regeneration                   Charms/Necromancy            3
 j - a book of Dreams

   Spells                             Type                      Level
   a - Ensorcelled Hibernation        Hexes/Ice                    2
   b - Flight                         Charms/Air                   3
   c - Phase Shift                    Translocation                5
   d - Shadow Creatures               Summoning                    5
   e - Mass Confusion                 Hexes                        6
   f - Darkness                       Hexes                        7
 r - a book of Necromancy

   Spells                             Type                      Level
   a - Pain                           Necromancy                   1
   b - Animate Skeleton               Necromancy                   1
   c - Vampiric Draining              Necromancy                   3
   d - Regeneration                   Charms/Necromancy            3
   e - Animate Dead                   Necromancy                   4
   f - Control Undead                 Necromancy                   4
 s - Kikubaaqudgha's Reference Book on Necromancy
   (Kikubaaqudgha gifted it to you on level 6 of the Dungeon)

   Spells                             Type                      Level
   a - Pain                           Necromancy                   1
   b - Corpse Rot                     Necromancy                   2
   c - Sublimation of Blood           Necromancy                   2
   d - Regeneration                   Charms/Necromancy            3
   e - Control Undead                 Necromancy                   4
 z - a book of Burglary

   Spells                             Type                      Level
   a - Swiftness                      Charms/Air                   2
   b - Passwall                       Transmutation/Earth          3
   c - Passage of Golubria            Translocation                4
   d - Lee's Rapid Deconstruction     Earth                        5
   e - Invisibility                   Hexes                        6
   f - Darkness                       Hexes                        7


   Skills:
 + Level 4.6 Fighting
 + Level 5.5 Short Blades
   Level 2.0(3.4) Slings
 + Level 4.3(4.5) Throwing
 + Level 3.6 Armour
 + Level 6.6 Dodging
 + Level 7.3 Stealth
 + Level 0.7 Unarmed Combat
 + Level 5.1 Spellcasting
 + Level 4.9 Charms
 + Level 3.3 Necromancy
 + Level 1.7 Translocations


You had 8 spell levels left.
You knew the following spells:

 Your Spells              Type           Power        Failure   Level  Hunger
a - Infusion              Chrm           ###...       2%          1    None
b - Shroud of Golubria    Chrm/Tloc      ##........   10%         2    ##.....
c - Animate Skeleton      Necr           N/A          6%          1    None
d - Pain                  Necr           ##..         6%          1    None
e - Vampiric Draining     Necr           ##........   17%         3    ###....
f - Spectral Weapon       Hex/Chrm       ##......     24%         3    ###....


Dungeon Overview and Level Annotations

Branches:
Dungeon (8/15)             Temple (1/1) D:6            Lair (1/8) D:8

Altars:
Ashenzari
Cheibriados
Dithmenos
Elyvilon
Kikubaaqudgha
Makhleb
Nemelex Xobeh
Okawaru
Qazlal
Ru
Sif Muna
Trog
Vehumet
Xom
Yredelemnul
Zin
The Shining One

Shops:
D:7 [


Innate Abilities, Weirdness & Mutations

You heal slowly.
You can bottle blood from corpses.
You have razor-sharp teeth.
You have supernaturally acute eyesight.
You can survive without breathing.


Message History

The blink frog hits you!
* * * LOW HITPOINT WARNING * * *
Your iguana skeleton bites the blink frog.
Read which item? (? for menu, Esc to quit)
Okay, then.
Read which item? (? for menu, Esc to quit)
You cannot teleport because you are wearing an amulet of stasis.
Take off which item? (? for menu, Esc to quit)
Okay, then.
You remove your amulet of stasis.
The blink frog hits your adder skeleton!
Your adder skeleton is destroyed!
The blink frog hits you!
* * * LOW HITPOINT WARNING * * *
The blink frog blinks!
Read which item? (? for menu, Esc to quit)
As you read the scroll of teleportation, it crumbles to dust.
You feel strangely unstable. The blink frog hits you!
You die...
Kikubaaqudgha rasps: "You have failed me!
Welcome... oblivion!"

####..###..Z#######.#.#
#.##... ##.####..#
###.# #.##...
#####.......## #.#
#.#.#..
.......#..#..########.#
#..##..
##.#<....ZZ#.......#.#.
### #..
.....##P###.##### ..##.
.......## ......###
#.######...#. ###### #
.####.# #..##.#P..# .#
.# #...ZF@FPF# ..# .#
##.###.Pā€ #..# .## .#
### #P...# # .. ..
##...... .# . ...##.#
.# ..## .# .# ... #
P...


ā‰ˆā‰ˆā‰ˆ You could see 3 blink frogs and a friendly iguana skeleton.

Vanquished Creatures
  Erolcha (D:8)
  Pikel (D:6)
  Grinder (D:6)
  A blink frog (Lair:1)
  Eustachio (D:4)
  A hippogriff (D:8)
  Edmund (D:6)
  Menkaure (D:6)
  A water moccasin (D:7)
  3 slaves (D:6)
  2 black bears
  2 phantoms
  2 sky beasts
  2 ogres (D:5)
  Duvessa (D:7)
  2 crocodiles (Lair:1)
  A giant frog (Lair:1)
  A scorpion (D:7)
  A goliath beetle (D:7)
  2 electric eels (Lair:1)
  Dowan (D:7)
  2 hounds
  4 crimson imps
  A giant frog zombie (D:7)
  An orc priest (D:7)
  A gnoll shaman (D:8)
  Crazy Yiuf (D:6)
  A giant frog skeleton (D:8)
  A centaur skeleton (D:5)
  4 iguanas
  4 orc wizards
  A worker ant (D:4)
  Ijyb (D:4)
  Terence (D:2)
  3 mummies (Ossuary)
  Robin (D:2)
  7 gnolls
  5 adders
  3 shadow imps
  4 giant mites
  4 worms
  2 adder zombies (Ossuary)
  4 giant geckos
  An ooze (D:2)
  13 orcs
  2 ball pythons
  5 giant cockroaches
  10 hobgoblins
  4 jackals
  3 quokkas
  15 bats
  A giant cockroach zombie (D:6)
  A giant gecko skeleton (D:4)
  7 giant newts
  31 goblins
  A goblin skeleton (D:5)
  A goblin zombie (Ossuary)
  4 hobgoblin zombies
  A jackal skeleton (D:8)
  11 kobolds
  A kobold skeleton (D:5)
  2 kobold zombies
  An orc skeleton (D:5)
  3 orc zombies
  A quokka skeleton (D:5)
  5 quokka zombies
  7 rats
  6 rat zombies (Ossuary)
  A fungus (D:6)
  A plant (Lair:1)
224 creatures vanquished.

Vanquished Creatures (collateral kills)
  A fire drake (D:8)
  An orc warrior (D:6)
  A giant frog zombie (D:6)
  A goliath beetle (D:6)
  An adder (D:2)
  A giant mite (D:7)
  A worm (D:2)
  4 orcs
  3 hobgoblins
  A jackal (D:6)
  A quokka (D:7)
  A bat (D:7)
  A kobold (D:3)
  A plant (Lair:1)
19 creatures vanquished.

Vanquished Creatures (others)
  A water moccasin skeleton (D:7)
  A hound skeleton (D:8)
  An elf skeleton (D:7)
  An adder skeleton (Lair:1)
  3 bat skeletons
  A giant newt skeleton (D:3)
  3 goblin skeletons
  2 jackal skeletons
  2 kobold skeletons
  An orc skeleton (D:3)
  A quokka skeleton (D:6)
  A rat skeleton (D:8)
  A fungus (D:7)
19 creatures vanquished.

Grand Total: 262 creatures vanquished

Notes
Turn   | Place    | Note
--------------------------------------------------------------
     0 | D:1      | maniek23, the Vampire Skald, began the quest for the Orb.
     0 | D:1      | Reached XP level 1. HP: 16/16 MP: 3/3
   270 | D:1      | Reached XP level 2. HP: 15/22 MP: 4/4
   641 | D:2      | Noticed Robin
   653 | D:2      | Killed Robin
   653 | D:2      | Reached skill level 1 in Armour
   653 | D:2      | Reached XP level 3. HP: 27/27 MP: 6/6
   667 | D:2      | Reached skill level 4 in Charms
   776 | D:2      | Learned a level 2 spell: Shroud of Golubria
   831 | D:2      | Learned a level 1 spell: Animate Skeleton
   968 | D:2      | Reached XP level 4. HP: 23/33 MP: 4/7
  1318 | D:2      | Noticed Terence
  1332 | D:2      | Killed Terence
  1501 | D:3      | Reached XP level 5. HP: 28/39 MP: 9/9
  1974 | D:3      | Reached skill level 1 in Slings
  2414 | D:3      | Learned a level 1 spell: Pain
  3188 | D:4      | Noticed Ijyb
  3202 | D:4      | Killed Ijyb
  3202 | D:4      | Reached skill level 1 in Stealth
  3202 | D:4      | Reached XP level 6. HP: 40/46 MP: 11/11
  3285 | D:4      | Noticed Eustachio
  3298 | D:4      | Killed Eustachio
  3298 | D:4      | Reached skill level 1 in Necromancy
  3339 | D:4      | Noticed a black bear
  3349 | D:4      | Killed a black bear
  3349 | D:4      | Reached XP level 7. HP: 49/52 MP: 12/14
  3479 | D:4      | Found a shimmering altar of Xom.
  3823 | D:5      | Entered Level 5 of the Dungeon
  4055 | D:5      | Found a glowing golden altar of the Shining One.
  4808 | D:5      | Reached skill level 1 in Throwing
  5200 | D:6      | Found a staircase to the Ecumenical Temple.
  5234 | Temple   | Entered the Ecumenical Temple
  5330 | Temple   | Became a worshipper of Kikubaaqudgha
  5363 | D:6      | Noticed Crazy Yiuf
  5370 | D:6      | Killed Crazy Yiuf
  5458 | D:6      | Noticed Edmund
  5487 | D:6      | Killed Edmund
  5487 | D:6      | Reached XP level 8. HP: 52/58 MP: 16/16
  5543 | D:6      | Noticed Pikel
  5563 | D:6      | Killed Pikel
  5563 | D:6      | Reached skill level 1 in Translocations
  5625 | D:6      | Noticed Menkaure
  5632 | D:6      | Killed Menkaure
  5632 | D:6      | Reached skill level 5 in Stealth
  6231 | D:6      | Noticed Grinder
  6238 | D:6      | Killed Grinder
  6238 | D:6      | Reached XP level 9. HP: 58/65 MP: 20/20
  6289 | D:6      | Acquired Kikubaaqudgha's first power
  6289 | D:6      | Received a gift from Kikubaaqudgha
  6324 | D:6      | Identified Kikubaaqudgha's Reference Book on Necromancy (Kikubaaqudgha gifted it to you on level 6 of the Dungeon)
  6329 | D:6      | Learned a level 3 spell: Vampiric Draining
  6333 | D:6      | Learned a level 3 spell: Spectral Weapon
  6436 | D:7      | Reached skill level 5 in Dodging
  6472 | D:7      | Noticed Dowan
  6474 | D:7      | Noticed Duvessa
  6479 | D:7      | Killed Duvessa
  6496 | D:7      | Killed Dowan
  6588 | D:7      | Found Shagoidu's Antique Armour Emporium.
  6600 | D:7      | Bought a runed hat for 96 gold pieces
  6704 | D:7      | Found a sand-covered staircase.
  6709 | Ossuary  | Entered an ossuary
  6962 | D:7      | Found a radiant altar of Vehumet.
  7069 | D:7      | Found a shadowy altar of Dithmenos.
  7109 | D:7      | Got a serpentine wooden ring
  7201 | D:7      | Your ally Duvessa died
  7205 | D:7      | Identified the ring "Streticer" {Dex+3 Stlth-} (You found it on level 7 of the Dungeon)
  7207 | D:7      | Bought a pair of encrusted gloves for 228 gold pieces
  7212 | D:7      | Identified the cursed -3 pair of gloves "Shusymyi" {MR+ Str+7 Int+4} (You bought it in a shop on level 7 of the Dungeon)
  7916 | D:8      | Found a white marble altar of Elyvilon.
  7934 | D:8      | Found a shattered altar of Ashenzari.
  7982 | D:8      | Reached skill level 6 in Dodging
  8080 | D:8      | Noticed Erolcha
  8092 | D:8      | Killed Erolcha
  8092 | D:8      | Reached skill level 5 in Short Blades
  8226 | D:8      | Reached skill level 7 in Stealth
  8310 | D:8      | Found a staircase to the Lair.
  8313 | D:8      | Noticed a fire drake
  8327 | D:8      | Killed a fire drake
  8327 | D:8      | Reached XP level 10. HP: 42/73 MP: 19/21
  8446 | Lair:1   | Entered Level 1 of the Lair of Beasts
  8456 | Lair:1   | Reached skill level 5 in Spellcasting
  8636 | Lair:1   | Acquired Kikubaaqudgha's second power
  8788 | Lair:1   | Slain by a blink frog

Action                   |  1- 3 |  4- 6 |  7- 9 | 10-12 || total
-------------------------+-------+-------+-------+-------++-------
Melee: Short sword       |   108 |   166 |   312 |    24 ||   610
       Dagger            |     4 |       |       |       ||     4
       Unarmed           |       |    29 |       |       ||    29
 Fire: Hunting sling     |    14 |    24 |    14 |       ||    52
Throw: Javelin           |       |       |    77 |     5 ||    82
       Throwing net      |       |       |     1 |       ||     1
 Cast: Shroud of Golubri |     1 |     2 |    11 |     1 ||    15
       Animate Skeleton  |       |    13 |    17 |     4 ||    34
       Infusion          |       |     1 |     4 |       ||     5
       Pain              |       |       |       |     2 ||     2
 Abil: End Transformatio |       |     1 |     1 |       ||     2
       Bat Form          |       |     1 |     1 |       ||     2
  Use: Scroll            |     1 |     6 |    14 |     1 ||    22
       Potion            |       |     5 |     4 |     1 ||    10
 Stab: Sleeping          |       |     3 |    12 |     2 ||    17
       Distracted        |       |     1 |     2 |       ||     3
  Eat: Corpse            |       |       |     4 |       ||     4
